 Dungeon Crawl Stone Soup version 0.22-a0-480-g991dd4b (webtiles) character file.

34 KillYourself the Skirmisher (level 3, 0/33 HPs)
             Began as a Minotaur Berserker on June 16, 2018.
             Was a Follower of Trog.
             Slain by a gnoll
             ... wielding a +0 halberd
              (16 damage)
             ... on level 2 of the Dungeon.
             The game lasted 00:02:15 (942 turns).

KillYourself the Skirmisher (Minotaur Berserker)     Turns: 942, Time: 00:02:15

Health: 0/33       AC:  2    Str: 22    XL:     3   Next: 14%
Magic:  2/2        EV: 12    Int:  4    God:    Trog [*.....]
Gold:   97         SH:  0    Dex:  9    Spells: 2/2 levels left

rFire    . . .     SeeInvis .   a - +0 hand axe
rCold    . . .     Gourm    .   (no shield)
rNeg     . . .     Faith    .   b - +0 animal skin
rPois    .         Spirit   .   (helmet restricted)
rElec    .         Reflect  .   (no cloak)
rCorr    .         Harm     .   (no gloves)
MR       .....                  (no boots)
Stlth    +.........             (no amulet)
HPRegen  0.11/turn              (no ring)
MPRegen  0.08/turn              (no ring)

@: no status effects
A: retaliatory headbutt, horns 2
a: Berserk, Renounce Religion


You were on level 2 of the Dungeon.
You worshipped Trog.
Trog was aware of your devotion.
You were not hungry.

You visited 1 branch of the dungeon, and saw 2 of its levels.

You collected 97 gold pieces.

Inventory:

Hand Weapons
 a - a +0 hand axe (weapon)
Armour
 b - a +0 animal skin (worn)
Jewellery
 d - an uncursed ring of flight {unknown}
 h - an uncursed ring of see invisible {unknown}
 i - an uncursed ring of ice {unknown}
Scrolls
 e - a scroll of identify {unknown}
 g - a scroll of remove curse {unknown}
 j - a scroll of enchant weapon {unknown}
 l - a scroll of noise {unknown}
Potions
 f - a potion of lignification {unknown}
 k - a potion of haste {unknown}
 n - a potion of cancellation {unknown}
Comestibles
 c - 3 rations


   Skills:
 + Level 4.3 Fighting
 + Level 4.3 Axes
 + Level 2.6 Armour
 + Level 2.5 Dodging


You had 2 spell levels left.
You didn't know any spells.
Your spell library was empty.

Dungeon Overview and Level Annotations

Branches:
Dungeon (2/15)

Altars:
Okawaru


Innate Abilities, Weirdness & Mutations

You reflexively headbutt those who attack you in melee.
You have a pair of horns on your head.


Message History

You headbutt the gnoll, but do no damage.
The gnoll barely misses you.
You slash the gnoll!
You kill the gnoll!
Trog accepts your kill.
You have reached level 3!
Your experience leads to an increase in your attributes!
Increase (S)trength, (I)ntelligence, or (D)exterity?
You feel stronger. The gnoll barely misses you. You furiously retaliate!
You headbutt the gnoll.
Found a pair of gloves.
Things that are here:
a whip; a gnoll corpse You completely miss the gnoll.
Your headbutt misses the gnoll.
The gnoll is lightly wounded.
The gnoll hits you with a halberd!
You hit the gnoll but do no damage.
The gnoll is lightly wounded.
The gnoll hits you with a halberd!
You die...

##..#.#.###....### #...#
##.............# #.###
#.......###....# #.#
...###..##..#### #.#
.#####..##.## #.#
.....#....[### .#
...#.........## ##.##
##...##.####..####......
....(. ##...@gg..... .
### ######...... ##
[.... .... ... ##


You could see 2 gnolls.

Vanquished Creatures
  A gnoll (D:2)
  A dart slug (D:1)
  A ball python (D:1)
  A giant cockroach (D:2)
  5 goblins
  A hobgoblin (D:2)
  2 jackals (D:1)
  2 kobolds (D:1)
  5 bats
  2 frilled lizards (D:1)
  A rat (D:1)
22 creatures vanquished.

Notes
Turn   | Place    | Note
-------+----------+-------------------------------------------
     0 | D:1      | KillYourself the Minotaur Berserker began the quest for the Orb.
     0 | D:1      | Reached XP level 1. HP: 19/19 MP: 0/0
   148 | D:1      | Reached XP level 2. HP: 16/27 MP: 1/1
   632 | D:2      | Found an iron altar of Okawaru.
   939 | D:2      | Reached XP level 3. HP: 24/33 MP: 2/2
   942 | D:2      | Slain by a gnoll

Vault maps used:
D:1:      eino_arrival_tree_alley
D:2:      lemuel_crystal_altar, lemuel_tele_altar

Skill      XL: |  1  2 |
---------------+-------+-----
Fighting       | 4 |  4.3
Axes           | 4 |  4.3
Armour         | |  2.6
Dodging        | |  2.5

Action                   || total
-------------------------++-------
Melee: Hand axe          ||    50
       Headbutt          ||     8
 Stab: Sleeping          ||     1
Armor: Animal skin       ||    13
Dodge: Dodged            ||    41

Table legend:
 A = Spawn XP
 B = Non-spawn XP
 C = Spawn XP percentage of total XP
 D = Spawn monster count
 E = Non-spawn monster count
 F = Spawn count percentage of total count
 G = Total turns spent on level
                    A         B        C        D         E        F      G
               +---------+---------+-------+---------+---------+-------+---------
         Total |       0 |      49 |   0.0 |       0 |      22 |   0.0 |   942
               +---------+---------+-------+---------+---------+-------+---------
           D:1 |       0 |      22 |   0.0 |       0 |      14 |   0.0 |   601
           D:2 |       0 |      27 |   0.0 |       0 |       8 |   0.0 |   341
               +---------+---------+-------+---------+---------+-------+---------
